 Dungeon Crawl Stone Soup version 0.30-a0-465-g8901f6c8b5 (webtiles) character file.

Game seed: 12330707229396213744

235 themarg the Conjurer (level 5, -7/38 HPs)
             Began as a Draconian Conjurer on Dec 19, 2022.
             Killed from afar by an orc wizard (9 damage)
             ... with a puff of flame
             ... on level 4 of the Dungeon.
             The game lasted 00:07:25 (2920 turns).

themarg the Conjurer (Draconian Conjurer)           Turns: 2920, Time: 00:07:26

Health: -7/38      AC:  7    Str:  9    XL:     5   Next: 76%
Magic:  1/10       EV: 12    Int: 20    God:
Gold:   118        SH:  5    Dex: 10    Spells: 8/11 levels left

rFire   . . .      SeeInvis .    a - +0 sling
rCold   + . .      Faith    .    (no shield)
rNeg    . . .      Spirit   .    (body armour unavailable)
rPois   .          Reflect  +    (helmet restricted)
rElec   .          Harm     .    q - +0 cloak
rCorr   .          Rampage  .    (no gloves)
Will    .....                    w - +0 pair of boots
Stlth   ++........               r - amulet of reflection
HPRegen 0.26/turn                h - ring of protection from cold
MPRegen 0.12/turn                (no ring)

@: about to teleport, very slightly contaminated
A: AC +5, unfitting armour, cold-blooded
a: no special abilities


You were on level 4 of the Dungeon.
You visited 1 branch of the dungeon, and saw 4 of its levels.

You collected 118 gold pieces.

Inventory:

Hand Weapons
 a - a +0 sling (weapon)
 b - a +4 quarterstaff of chaos
Missiles
 d - 40 stones
 n - 6 silver javelins
Armour
 q - a +0 cloak (worn)
 w - a +0 pair of boots (worn)
Jewellery
 h - a ring of protection from cold (left hand)
 r - an amulet of reflection (around neck)
 v - an amulet of the acrobat
Wands
 p - a wand of flame (29)
Scrolls
 c - 2 scrolls of amnesia
 f - 2 scrolls of enchant weapon {unknown}
 g - 2 scrolls of teleportation
 l - 2 scrolls of noise {unknown}
 m - 2 scrolls of vulnerability {unknown}
 o - a scroll of enchant armour {unknown}
 u - a scroll of fear {unknown}
Potions
 e - a potion of cancellation
 i - 2 potions of magic
 j - 2 potions of lignification
 k - a potion of flight {unknown}
 s - a potion of attraction {unknown}
 t - a potion of brilliance {unknown}
 x - a potion of heal wounds {unknown}


   Skills:
 - Level 1.7 Dodging
 - Level 3.0 Stealth
 + Level 3.9 Spellcasting
 + Level 5.4 Conjurations


You had 8 spell levels left.
You knew the following spells:

 Your Spells              Type           Power      Damage    Failure   Level
a - Magic Dart            Conj           100%       1d8       1%          1
b - Searing Ray           Conj           50%        2d6       1%          2

Your spell library contained the following spells:

 Spells                   Type           Power      Damage    Failure   Level
 Dazzling Flash           Conj/Hex       28%        N/A       13%         3
 Ozocubu's Armour         Ice            3%         N/A       36%         3
 Fulminant Prism          Conj/Hex       7%         3d7       38%         4
 Iskenderun's Mystic Bla  Conj/Tloc      14%        2d5       38%         4
 Ozocubu's Refrigeration  Ice            1%         4d7       100%        7


Dungeon Overview and Level Annotations

Branches:
Dungeon (4/15)
 Temple: D:4-7

Altars:
Elyvilon

Shops:
D:1 (


Innate Abilities, Weirdness & Mutations

Your plain brown scales are hard. (AC +5)
You cannot fit into any form of body armour.
You are cold-blooded and may be slowed by cold attacks.


Message History

Press: ? - help, Q - select action, (/) - cycle Shift-Dir - straight line, f/p - orc wizard
Aim: an orc wizard, wielding a +0 dagger and wearing a +0 robe (severely wounded, 40% to hit)
You shoot a sling bullet.
The sling bullet completely misses the orc wizard.
The sling bullet hits the orc but does no damage.
The orc wizard hits you with a +0 dagger.
You block the orc's attack. The orc barely misses you.
The orc wizard points at you and mumbles some strange words.
The magic dart hits you.
Fire: a) +0 sling
Press: ? - help, Q - select action, (/) - cycle Shift-Dir - straight line, f/p - orc wizard
Aim: an orc wizard, wielding a +0 dagger and wearing a +0 robe (severely wounded, 40% to hit)
You shoot a sling bullet.
The sling bullet closely misses the orc wizard.
The sling bullet hits the orc but does no damage.
The orc barely misses you.
The orc wizard gestures at you while chanting.
The puff of flame hits you.
* * * LOW HITPOINT WARNING * * *
As you read the scroll of teleportation, it crumbles to dust.
You feel strangely unstable. The orc hits you with a +0 flail.
* * * LOW HITPOINT WARNING * * *
The orc wizard hits you but does no damage.
Casting: Searing Ray (safe; 1% risk of failure)
Confirm with . or Enter, or press ? or * to list all spells.
Aiming: Searing Ray (safe; 1% risk of failure)
Press: ? - help, Shift-Dir - straight line, f/p - orc wizard
Aim: an orc wizard, wielding a +0 dagger and wearing a +0 robe (severely wounded, 74% to hit)
You miscast Searing Ray.
You are very lightly contaminated with residual magic.
Nothing appears to happen.
The orc wizard points at you and mumbles some strange words.
The magic dart hits you.
* * * LOW HITPOINT WARNING * * *
The orc hits you with a +0 flail.
* * * LOW HITPOINT WARNING * * *
You block the orc's attack.
The orc wizard gestures at you while chanting.
The puff of flame hits you!
You die...

#........#....#.[.......
#...<..<.#.#....#.......
##.......#.#....##......
#........#.#..#..#...^##
#........######....####
#........o......####
#..........o.oo##
#...........o#o#
##........#.##@# ..
#..o.# # #...## .....
....#.$ ....#.. ... #..
.. #..


You could see 2 orc wizards and 2 orcs.

Vanquished Creatures
  Crazy Yiuf (D:2)
  Jessica (D:2)
  Terence (D:3)
  An iguana (D:4)
  A mummy (D:4)
  3 adders
  3 gnolls (D:2)
  2 worms
  2 dart slugs (D:1)
  4 endoplasms (D:1)
  4 hobgoblins
  4 jackals (D:2)
  6 kobolds
  A quokka (D:1)
  7 ball pythons
  5 bats
  5 frilled lizards
  3 goblins
  2 hobgoblin zombies (D:4)
  2 orc zombies (D:4)
  5 rats
63 creatures vanquished.

Notes
Turn   | Place    | Note
-------+----------+-------------------------------------------
     0 | D:1      | themarg the Draconian Conjurer began the quest for the Orb.
     0 | D:1      | Reached XP level 1. HP: 14/14 MP: 3/3
   187 | D:1      | Reached XP level 2. HP: 20/20 MP: 0/5
   190 | D:1      | Learned a level 2 spell: Searing Ray
   507 | D:1      | Found Exteixan's Weapon Emporium.
   742 | D:1      | Reached XP level 3. HP: 26/26 MP: 2/6
   803 | D:1      | Found a faded altar of an unknown god.
  1265 | D:2      | Reached XP level 4. HP: 33/33 MP: 1/8
  1411 | D:2      | Found a white marble altar of Elyvilon.
  1732 | D:2      | Found a runed translucent door.
  1733 | D:2      | Noticed Crazy Yiuf
  1984 | D:2      | Noticed Jessica
  1989 | D:2      | Killed Jessica
  2236 | D:2      | Killed Crazy Yiuf
  2237 | D:2      | Reached skill level 5 in Conjurations
  2237 | D:2      | Reached XP level 5. HP: 28/38 MP: 2/10
  2342 | D:3      | Noticed Terence
  2349 | D:3      | Killed Terence
  2919 | D:4      | HP: 1/38 [orc/+0 flail (4)]
  2920 | D:4      | Killed from afar by an orc wizard

Illustrated notes

Levels and vault maps discovered:
D:1:      dpeg_arrival_brainrot, layout_basic, serial_shops,
          nicolae_shop_bloodbath_and_beyond,
          shapermc_ecumenical_altar_acropolis, minmay_shallow_snake_nest
D:2:      layout_loops_corners, basic_altar, supply_closet_lemuel, uniq_jessica,
          uniq_crazy_yiuf_cottage
D:3:      layout_rooms, uniq_terence
D:4:      layout_rooms, mainiacjoe_overflow_brackets,
          mainiacjoe_overflow_six_doors_small, portal_sewer_entry_e,
          minmay_mini_ossuary

Skill      XL: |  1  2  3  4 |
---------------+-------------+-----
Stealth        | 2 3 |  3.0
Spellcasting   | 3 |  3.9
Conjurations   | 5 |  5.4
Dodging        | |  1.7

Action                   |  1- 3 |  4- 6 || total
-------------------------+-------+-------++-------
Melee: Quarterstaff      |       |     9 ||     9
       Tailslap          |       |     2 ||     2
 Fire: Sling             |    65 |    49 ||   114
 Cast: Magic Dart        |    10 |     2 ||    12
       Searing Ray       |     6 |    15 ||    21
  Use: Scroll            |       |     5 ||     5
Armor: Skin              |     4 |    20 ||    24
Dodge: Dodged            |    18 |    27 ||    45
Block: Other             |       |     6 ||     6

Table legend: (Time is in decaauts)
 A = Elapsed time spent in this place.
 B = Non-inter-level travel time spent in this place.
 C = Inter-level travel time spent in this place.
 D = Time resting spent in this place.
 E = Time spent auto-exploring this place.
 F = Levels seen in this place.
 G = Mean time per level.
                   A        B        C        D        E       F      G
               +--------+--------+--------+--------+--------+-----+--------+
         Total |   2968 |   2780 |    188 |    213 |   2159 |   4 |  742.0 |
       Dungeon |   2968 |   2780 |    188 |    213 |   2159 |   4 |  742.0 |
               +--------+--------+--------+--------+--------+-----+--------+

Top non-repeatable levels by time:
     D:2: 1438 daAuts
     D:1: 981 daAuts
     D:3: 475 daAuts
     D:4: 72 daAuts
